 Dungeon Crawl Stone Soup version 0.21-a0-442-g848f44b (webtiles) character file.

8934 Gildeon the Severer (level 11, -16/89 HPs)
             Began as a Minotaur Fighter on Nov 15, 2017.
             Was a High Priest of Qazlal.
             Demolished by a cyclops (19 damage)
             ... on level 11 of the Dungeon.
             The game lasted 01:00:21 (9211 turns).

Gildeon the Severer (Minotaur Fighter)              Turns: 9211, Time: 01:00:22

Health: -16/89     AC: 12    Str: 25    XL:     11   Next: 16%
Magic:  10/10      EV:  8    Int:  5    God:    Qazlal [*****.]
Gold:   373        SH: 18    Dex:  9    Spells: 10/10 levels left

rFire    . . .     SeeInvis .   a - +0 war axe
rCold    . . .     Gourm    .   c - +0 shield
rNeg     + . .     Faith    .   x - +2 chain mail
rPois    .         Spirit   .   z - +0 hat
rElec    .         Reflect  .   y - +0 cloak
rCorr    .         Harm     .   (no gloves)
MR       .....                  (no boots)
Stlth    ..........             H - amulet of magic regeneration
HPRegen  0.24/turn              K - ring of positive energy
MPRegen  0.37/turn              u - ring of wizardry

@: protected from physical damage, corroded, repel missiles
A: retaliatory headbutt, horns 2
a: Upheaval, Elemental Force, Disaster Area, Renounce Religion


You were on level 11 of the Dungeon.
You worshipped Qazlal.
Qazlal was extremely pleased with you.
You were not hungry.

You visited 1 branch of the dungeon, and saw 11 of its levels.
You also visited: Ossuary.

You collected 493 gold pieces.
You spent 120 gold pieces at shops.

Inventory:

Hand Weapons
 a - a +0 war axe (weapon)
Missiles
 j - 14 tomahawks (quivered)
 M - a javelin of penetration
Armour
 b - a +1 scale mail
 c - a +0 shield (worn)
 x - a +2 chain mail (worn)
 y - a +0 cloak (worn)
 z - a +0 hat (worn)
 N - a +1 ring mail of fire resistance
 X - a +0 troll leather armour
Jewellery
 u - a ring of wizardry (right hand)
 B - an uncursed ring of protection from fire
 H - an amulet of magic regeneration (around neck)
 I - an uncursed ring of resist corrosion
 K - a ring of positive energy (left hand)
Wands
 e - a wand of iceblast (0/15)
 v - a wand of iceblast (7/15)
 E - a wand of polymorph (16/24)
 J - a wand of enslavement (16/24)
 O - a wand of confusion (31/48)
 Q - a wand of paralysis (17/24)
 T - a wand of scattershot (7/9)
 W - a wand of acid (9/15)
Scrolls
 d - 2 scrolls of amnesia
 o - a scroll of identify
 t - 2 scrolls of fear
 w - 4 scrolls of teleportation
 A - 3 scrolls of remove curse
 C - 4 scrolls of recharging
 L - a scroll of magic mapping
 S - 2 scrolls of blinking
Potions
 h - 6 potions of curing
 k - 2 potions of haste
 l - 2 potions of resistance
 m - a potion of heal wounds
 n - 2 potions of ambrosia {unknown}
 r - a potion of agility {unknown}
 F - a potion of berserk rage {unknown}
 R - a potion of cancellation {unknown}
 U - a potion of flight {unknown}
 Y - a potion of brilliance {unknown}
Books
 q - a book of Cantrips

   Spells                             Type                      Level
   a - Confusing Touch                Hexes                        1
   b - Animate Skeleton               Necromancy                   1
   c - Summon Small Mammal            Summoning                    1
   d - Apportation                    Translocation                1
 s - a book of Power

   Spells                             Type                      Level
   a - Iskenderun's Battlesphere      Conjuration/Charms           5
   b - Venom Bolt                     Conjuration/Poison           5
   c - Bolt of Magma                  Conjuration/Fire/Earth       5
   d - Iron Shot                      Conjuration/Earth            6
   e - Orb of Destruction             Conjuration                  7
   f - Spellforged Servitor           Conjuration/Summoning        7
 D - the Grimoire of Poisonous Orientation
   (You found it on level 5 of the Dungeon)

   Spells                             Type                      Level
   a - Poisonous Vapours              Poison/Air                   2
   b - Gell's Gravitas                Translocation                3
   c - Teleport Other                 Translocation                3
   d - Passage of Golubria            Translocation                4
   e - Venom Bolt                     Conjuration/Poison           5
 G - a book of Conjurations

   Spells                             Type                      Level
   a - Magic Dart                     Conjuration                  1
   b - Searing Ray                    Conjuration                  2
   c - Dazzling Spray                 Conjuration/Hexes            3
   d - Fulminant Prism                Conjuration/Hexes            4
   e - Force Lance                    Conjuration/Translocation    4
   f - Iskenderun's Mystic Blast      Conjuration                  4
Comestibles
 g - 2 royal jellies
 p - 4 meat rations
 P - 8 fruits


   Skills:
 - Level 5.8 Fighting
 - Level 16.1 Axes
 + Level 5.3 Throwing
 - Level 5.0 Armour
 - Level 5.1 Dodging
 - Level 6.8 Shields


You had 10 spell levels left.
You didn't know any spells.

Dungeon Overview and Level Annotations

Branches:
Dungeon (11/15)            Temple (0/1) D:6             Orc (0/2) D:10
   Lair: D:8-11

Altars:
Dithmenos
Fedhas
Kikubaaqudgha
Nemelex Xobeh
Qazlal
Trog
Wu Jian

Shops:
D:5 (=   D:8 ?

Annotations:
D:4 1 runed door


Innate Abilities, Weirdness & Mutations

You reflexively headbutt those who attack you in melee.
You have a pair of horns on your head.


Message History

The hungry ghost hits you.
You feel a lot more hungry.
The orc priest invokes the aid of Beogh against you.
Beogh smites you!
The orc warrior hits you from afar with a trident!
The six-headed hydra bites you!
* * * LOW HITPOINT WARNING * * *
You feel protected from physical attacks.
The six-headed hydra bites you!
* * * LOW HITPOINT WARNING * * *
You feel more protected from physical attacks.
You block the six-headed hydra's attack.
The six-headed hydra bites you.
* * * LOW HITPOINT WARNING * * *
You feel more protected from physical attacks.
The six-headed hydra bites you but does no damage.
The six-headed hydra bites you.
* * * LOW HITPOINT WARNING * * *
You hear a shout!
The cyclops hits you!!
You die... ... yo# oo

#. #.# ..
#.###(o####.#
.o.†.Oo§....#
#))D####
##§W...#
##†@#.# ##C#
.. .§.. .
......
.........
..........
.........##
...........


You could see a six-headed hydra, a two-headed ogre, a cyclops, a hungry ghost,
a hornet, an orc warrior, 2 orc priests, an orc wizard and an orc.

Vanquished Creatures
  Josephine (D:10)
  2 two-headed ogres
  An ugly thing (D:11)
  A cyclops (D:9)
  A manticore (D:11)
  A gargoyle (D:10)
  The ghost of Yermak the Stinger, a novice GnVM of Cheibriados (D:4)
  A troll (D:10)
  A meliai zombie (D:9)
  Sigmund (D:4)
  3 wraiths (D:10)
  Menkaure (D:4)
  A sky beast (D:9)
  2 ogres (D:9)
  4 orc warriors
  2 phantoms
  4 centaurs
  A big kobold (D:9)
  6 bullfrogs
  4 scorpions
  10 killer bees
  3 howler monkeys (D:9)
  4 centaur zombies (Ossuary)
  3 crimson imps
  A quasit (D:9)
  6 hounds
  Crazy Yiuf (D:4)
  A jelly (D:8)
  12 orc wizards
  5 orc priests
  4 iguanas
  Ijyb (D:3)
  Natasha (thrice) (D:4)
  2 worker ants
  A big kobold zombie (Ossuary)
  A hound skeleton (D:9)
  4 mummies (Ossuary)
  3 worker ant zombies
  14 adders
  2 shadow imps
  2 oozes
  An adder zombie (D:5)
  An adder skeleton (D:5)
  5 dart slugs
  7 leopard geckos
  66 orcs
  7 bats
  14 giant cockroaches
  7 hobgoblins
  7 jackals
  5 quokkas
  A ball python (D:4)
  5 frilled lizards
  10 goblins
  5 hobgoblin zombies (Ossuary)
  2 jackal skeletons (D:4)
  13 kobolds
  7 rats
285 creatures vanquished.

Notes
Turn   | Place    | Note
-------+----------+-------------------------------------------
     0 | D:1      | Gildeon the Minotaur Fighter began the quest for the Orb.
     0 | D:1      | Reached XP level 1. HP: 19/19 MP: 0/0
    34 | D:1      | Reached skill level 3 in Axes
   100 | D:1      | Reached XP level 2. HP: 23/26 MP: 1/1
   228 | D:1      | Reached skill level 4 in Axes
   386 | D:1      | Reached XP level 3. HP: 31/31 MP: 2/2
   622 | D:2      | Reached skill level 5 in Axes
   654 | D:2      | Reached XP level 4. HP: 39/39 MP: 3/3
   851 | D:2      | Found a stormy altar of Qazlal.
   854 | D:2      | Became a worshipper of Qazlal Stormbringer
  1035 | D:3      | Reached skill level 6 in Axes
  1236 | D:2      | Reached XP level 5. HP: 45/45 MP: 4/4
  1504 | D:3      | Found a bloodstained altar of Trog.
  1530 | D:3      | Reached * piety under Qazlal
  1579 | D:3      | Noticed Ijyb
  1585 | D:3      | Killed Ijyb
  1665 | D:3      | Reached skill level 7 in Axes
  1911 | D:4      | Noticed Menkaure
  1919 | D:4      | Killed Menkaure
  1919 | D:4      | Reached skill level 8 in Axes
  1919 | D:4      | Reached XP level 6. HP: 51/51 MP: 5/5
  1975 | D:4      | Noticed Natasha
  1985 | D:4      | Killed Natasha
  2018 | D:4      | Found a runed door.
  2018 | D:4      | Noticed Crazy Yiuf
  2021 | D:4      | Killed Crazy Yiuf
  2082 | D:4      | Noticed Yermak's ghost (novice GnVM)
  2092 | D:4      | Killed Yermak's ghost
  2092 | D:4      | Reached skill level 10 in Axes
  2092 | D:4      | Reached XP level 7. HP: 22/57 MP: 6/6
  2109 | D:4      | Found a sand-covered staircase.
  2114 | Ossuary  | Entered an ossuary
  2122 | Ossuary  | Reached ** piety under Qazlal
  2616 | D:4      | Noticed Natasha
  2624 | D:4      | Killed Natasha
  2624 | D:4      | Reached skill level 11 in Axes
  2649 | D:4      | Reached XP level 8. HP: 55/64 MP: 7/7
  2666 | D:4      | Noticed Natasha
  2670 | D:4      | Killed Natasha
  2976 | D:4      | Noticed Sigmund
  2986 | D:4      | Killed Sigmund
  3170 | D:4      | Reached skill level 12 in Axes
  3440 | D:5      | Entered Level 5 of the Dungeon
  3488 | D:5      | Found a blossoming altar of Fedhas.
  3667 | D:5      | Found an ancient bone altar of Kikubaaqudgha.
  3683 | D:5      | Reached *** piety under Qazlal
  3840 | D:5      | Identified the Grimoire of Poisonous Orientation
  3886 | D:5      | Found Figimaa's Antique Weapon Boutique.
  3895 | D:5      | Found Devoesh's Jewellery Shop.
  3961 | D:5      | Found a sparkling altar of Nemelex Xobeh.
  4116 | D:6      | Found a staircase to the Ecumenical Temple.
  4138 | D:6      | Reached skill level 13 in Axes
  4265 | D:6      | Reached **** piety under Qazlal
  4843 | D:6      | Found a stormy altar of Qazlal.
  5113 | D:7      | Reached XP level 9. HP: 70/70 MP: 8/8
  5725 | D:8      | Reached skill level 14 in Axes
  6326 | D:8      | Found a shadowy altar of Dithmenos.
  6327 | D:8      | Found an ornate altar of the Wu Jian Council.
  6505 | D:8      | Found Bekemoaq's Magic Scroll Shoppe.
  6513 | D:8      | Bought a scroll of identify for 24 gold pieces
  6513 | D:8      | Bought a scroll of identify for 24 gold pieces
  6513 | D:8      | Bought 3 scrolls of identify for 72 gold pieces
  6722 | D:8      | Reached ***** piety under Qazlal
  6863 | D:9      | Reached skill level 15 in Axes
  6895 | D:9      | Found the +8 trident of the Octopus King {venom, rElec rPois MR+}
  6923 | D:9      | Noticed a two-headed ogre
  6933 | D:9      | Killed a two-headed ogre
  6933 | D:9      | Reached skill level 16 in Axes
  6947 | D:9      | Reached XP level 10. HP: 24/78 MP: 9/9
  7019 | D:9      | Found a bloodstained altar of Trog.
  7110 | D:9      | Noticed a cyclops
  7120 | D:9      | Killed a cyclops
  7120 | D:9      | Reached skill level 5 in Fighting
  7762 | D:10     | Entered Level 10 of the Dungeon
  7828 | D:10     | Reached skill level 5 in Armour
  7924 | D:10     | Noticed Josephine
  7943 | D:10     | Killed Josephine
  7959 | D:10     | Reached skill level 1 in Dodging
  8146 | D:10     | Noticed a two-headed ogre
  8155 | D:10     | Killed a two-headed ogre
  8179 | D:10     | Reached skill level 5 in Dodging
  8317 | D:10     | Reached skill level 1 in Throwing
  8612 | D:10     | Identified a scroll of acquirement
  8742 | D:10     | Found a staircase to the Orcish Mines.
  8846 | D:10     | Noticed a gargoyle
  8852 | D:10     | Killed a gargoyle
  8852 | D:10     | Reached XP level 11. HP: 64/89 MP: 10/10
  9189 | D:11     | Noticed a brown ugly thing
  9201 | D:11     | Noticed a six-headed hydra
  9201 | D:11     | Killed a brown ugly thing
  9201 | D:11     | Reached skill level 5 in Throwing
  9203 | D:11     | Noticed a two-headed ogre
  9210 | D:11     | HP: 3/89 [six-headed hydra (6)]
  9211 | D:11     | Demolished by a cyclops

Vault maps used:
D:1:      dpeg_arrival_long_road, minmay_tripent
D:2:      lemuel_statue_altar
D:3:      minmay_roachtagon, trog_butcher_becter, uniq_ijyb
D:4:      enter_ossuary_5, serial_glass, glass_columns_a, glass_columns_a,
          uniq_sigmund, uniq_natasha, uniq_crazy_yiuf_cottage, uniq_menkaure
D:5:      kiku_gazebo_garden_becter, kennysheep_mini, basic_altar, first_bread,
          serial_shops, shop, shop
D:6:      kennysheep_mini_moat, minmay_temple_entry_statues_pillars
D:8:      minitemple, serial_shops, shop_scrolls, serial_glass, glass_columns_b,
          glass_columns_a
D:9:      kennysheep_little_box
D:10:     hiddenorc1_lemuel, uniq_josephine
D:11:     minmay_lair_entry_lava, lab_entry_generic
Ossuary:  ossuary_the_hunt_dpeg

Skill      XL: |  1  2  3  4  5  6  7  8  9 10 11 |
---------------+----------------------------------+-----
Axes           | 3 4 5 6 8 10 11 13 16 | 16.1
Fighting       | 5 |  5.8
Armour         | 5 |  5.0
Shields        | 6 |  6.8
Dodging        | 5 |  5.1
Throwing       | 3 5 |  5.3

Action                   |  1- 3 |  4- 6 |  7- 9 | 10-12 || total
-------------------------+-------+-------+-------+-------++-------
Melee: War axe           |    48 |   147 |   350 |   236 ||   781
       Headbutt          |     8 |    22 |    76 |    36 ||   142
Throw: Tomahawk          |       |       |     5 |     7 ||    12
       Javelin           |       |       |       |     2 ||     2
Evoke: Wand              |       |       |       |     9 ||     9
  Use: Scroll            |     6 |     4 |    13 |     4 ||    27
       Potion            |       |     1 |       |     4 ||     5
 Stab: Invisible         |       |     1 |       |       ||     1
  Eat: Chunk             |       |     4 |     7 |     2 ||    13
       Bread ration      |       |       |     2 |     2 ||     4
Armor: Scale mail        |    18 |    54 |    19 |       ||    91
       Chain mail        |       |       |    77 |    57 ||   134
Dodge: Dodged            |    11 |    36 |    43 |    37 ||   127
       Deflected         |       |       |     1 |     2 ||     3
Block: Shield            |    29 |    85 |   206 |   177 ||   497

Table legend:
 A = Spawn XP
 B = Non-spawn XP
 C = Spawn XP percentage of total XP
 D = Spawn monster count
 E = Non-spawn monster count
 F = Spawn count percentage of total count
 G = Total turns spent on level
                    A         B        C        D         E        F      G
               +---------+---------+-------+---------+---------+-------+---------
         Total |       0 |   12763 |   0.0 |       0 |     285 |   0.0 |  9211
               +---------+---------+-------+---------+---------+-------+---------
           D:1 |       0 |      41 |   0.0 |       0 |      22 |   0.0 |   542
           D:2 |       0 |     116 |   0.0 |       0 |      20 |   0.0 |   678
           D:3 |       0 |     127 |   0.0 |       0 |      30 |   0.0 |   634
           D:4 |       0 |    1261 |   0.0 |       0 |      31 |   0.0 |  1103
           D:5 |       0 |     313 |   0.0 |       0 |      23 |   0.0 |   675
           D:6 |       0 |     552 |   0.0 |       0 |      23 |   0.0 |   777
           D:7 |       0 |     386 |   0.0 |       0 |      13 |   0.0 |   767
           D:8 |       0 |    1004 |   0.0 |       0 |      27 |   0.0 |  1199
           D:9 |       0 |    2537 |   0.0 |       0 |      22 |   0.0 |   904
          D:10 |       0 |    4670 |   0.0 |       0 |      49 |   0.0 |  1419
          D:11 |       0 |    1465 |   0.0 |       0 |      11 |   0.0 |    30
       Ossuary |       0 |     291 |   0.0 |       0 |      14 |   0.0 |   483
               +---------+---------+-------+---------+---------+-------+---------
